 Dungeon Crawl Stone Soup version 0.27.1-33-g824d729ab1 (webtiles) character file.

Game seed: 13057284183628403789

95 vivovinco the Vexing (level 4, -7/42 HPs)
             Began as an Ogre Arcane Marksman on Dec 28, 2021.
             Blown up by a hobgoblin (19 damage)
             ... with a mindburst bolt
             ... on level 3 of the Dungeon.
             The game lasted 00:11:21 (2657 turns).

vivovinco the Vexing (Ogre Arcane Marksman)         Turns: 2657, Time: 00:11:25

Health: -7/42      AC:  3    Str: 14    XL:     4   Next: 65%
Magic:  0/7        EV: 10    Int: 20    God:
Gold:   153        SH:  0    Dex: 10    Spells: 3/7 levels left

rFire    + . .     SeeInvis .   k - +1 dagger (speed)
rCold    . . .     Faith    .   (no shield)
rNeg     . . .     Spirit   +   a - +0 robe
rPois    .         Reflect  .   (helmet restricted)
rElec    .         Harm     .   (no cloak)
rCorr    .         Rampage  .   (gloves unavailable)
Will     .....                  (boots unavailable)
Stlth    +.........             h - amulet of guardian spirit
HPRegen  0.14/turn              l - ring of protection from fire
MPRegen  0.10/turn              p - +6 ring of intelligence

@: very slightly contaminated, slowed, very slow
A: large, unfitting armour, tough skin 1
a: no special abilities


You were on level 3 of the Dungeon.
You visited 1 branch of the dungeon, and saw 4 of its levels.

You collected 153 gold pieces.

Inventory:

Hand Weapons
 i - a +0 club
 k - a +1 dagger of speed (weapon)
Missiles
 b - 2 large rocks (quivered)
 g - 34 poisoned darts
 j - 31 stones
 o - 20 sling bullets
Armour
 a - a +0 robe (worn)
Jewellery
 h - an amulet of guardian spirit (around neck)
 l - a ring of protection from fire (left hand)
 p - a +6 ring of intelligence (right hand)
Scrolls
 c - a scroll of fear {unknown}
 e - 2 scrolls of torment {unknown}
 f - 2 scrolls of identify {unknown}
 q - a scroll of teleportation {unknown}
 r - a scroll of blinking {unknown}
Potions
 d - a potion of degeneration {unknown}
 m - a potion of resistance {unknown}
 n - 4 potions of haste {unknown}
 s - a potion of curing {unknown}
 t - a potion of brilliance {unknown}


   Skills:
 + Level 1.6 Fighting
 + Level 0.7 Short Blades
 - Level 0.1 Maces & Flails
 + Level 2.7 Throwing
 + Level 2.1 Dodging
 + Level 2.3 Spellcasting
 + Level 3.5 Hexes
 + Level 0.1 Translocations


You had 3 spell levels left.
You knew the following spells:

 Your Spells              Type           Power      Damage    Failure   Level
a - Corona                Hex            17%        N/A       3%          1
b - Portal Projectile     Hex/Tloc       18%        N/A       22%         3

Your spell library contained the following spells:

 Spells                   Type           Power      Damage    Failure   Level
 Slow                     Hex            16%        N/A       5%          2
 Inner Flame              Hex/Fire       9%         N/A       22%         3
 Cause Fear               Hex            8%         N/A       34%         4


Dungeon Overview and Level Annotations

Branches:
Dungeon (4/15)
 Temple: D:4-7

Altars:


Innate Abilities, Weirdness & Mutations

You are too large for most types of armour.
You have tough skin. (AC +1)


Message History

You now have 153 gold pieces (gained 11).
A giant cockroach comes into view.
Casting: Corona (safe; 3% risk of failure)
Confirm with . or Enter, or press ? or * to list all spells.
Aiming: Corona (safe; 3% risk of failure)
Press: ? - help, Shift-Dir - straight line, f - giant cockroach
Aim: a giant cockroach (chance to affect: 71%)
The giant cockroach is outlined in light.
You hit the giant cockroach.
The giant cockroach is moderately wounded.
The giant cockroach bites you but does no damage.
You hit the giant cockroach but do no damage.
The giant cockroach is moderately wounded.
You hit the giant cockroach.
The giant cockroach is severely wounded.
The giant cockroach bites you but does no damage.
You barely miss the giant cockroach.
The giant cockroach is severely wounded.
The giant cockroach bites you.
You hit the giant cockroach.
You kill the giant cockroach!
A hobgoblin comes into view.
It is carrying a wand of mindburst (13).
Casting: Corona (safe; 3% risk of failure)
Confirm with . or Enter, or press ? or * to list all spells.
The spell is quite dangerous to cast (22% risk of failure)!
Continue anyway?
You miscast Portal Projectile.
You are very lightly contaminated with residual magic.
Strange energies run through your body.
You feel yourself slow down.
The hobgoblin shouts!
Throw: 3 large rocks
Press: ? - help, Q - select action, (/) - cycle Shift-Dir - straight line, f - hobgoblin
Aim: a hobgoblin, wearing a +0 leather armour and carrying a wand of mindburst (13) (56% to hit)
You throw a large rock.
The large rock barely misses the hobgoblin.
The hobgoblin zaps a wand.
Your mind is blasted!
Ouch! That really hurt!
* * * LOW HITPOINT WARNING * * *
A rat comes into view.
The hobgoblin zaps a wand.
Your mind is blasted!
You die...

## .... #. #...#
... ... ...#
.#... ... ..#
....# ###.. ....#
. #...#####r(. ..
##......g..###...
#..†@...........
#..#........#
#... #..>....##
### #......<#
#.......# #
#.......# #.
#.......# ###.##
#.......# #.....
#.......# #.....


You could see a hobgoblin and a rat (wandering).

Vanquished Creatures
  An iguana (D:3)
  2 adders (D:2)
  A worm (D:3)
  An orc (D:3)
  4 ball pythons
  6 endoplasms
  2 giant cockroaches (D:3)
  5 goblins
  5 hobgoblins
  9 kobolds
  A quokka (D:1)
  3 bats
  3 frilled lizards
  A rat (D:1)
44 creatures vanquished.

Notes
Turn   | Place    | Note
-------+----------+-------------------------------------------
     0 | D:1      | vivovinco the Ogre Arcane Marksman began the quest for the
                  | Orb.
     0 | D:1      | Reached XP level 1. HP: 19/19 MP: 2/2
   315 | D:1      | Reached skill level 3 in Hexes
   315 | D:1      | Reached XP level 2. HP: 27/27 MP: 1/3
  1299 | D:2      | You fall into a shaft and drop 2 floors!
  1299 | D:4      | Noticed a necrophage
  1341 | D:3      | Reached XP level 3. HP: 32/33 MP: 3/5
  1546 | D:3      | Reached XP level 4. HP: 41/41 MP: 3/7
  1867 | D:2      | Found a faded altar of an unknown god.
  1971 | D:2      | Learned a level 3 spell: Portal Projectile
  2657 | D:3      | Blown up by a hobgoblin

Illustrated notes

Levels and vault maps discovered:
D:1:      lemuel_arrival_behind_the_door_large, layout_basic, minivault_5
D:2:      layout_basic, chequers_ecumenical_altar_simple_redux
D:3:      layout_rooms, solitary_fountain
D:4:      layout_basic, minmay_temple_entry_large_hall

Skill      XL: |  1  2  3 |
---------------+----------+-----
Hexes          | 3 |  3.5
Dodging        | 2 |  2.1
Spellcasting   | 2 |  2.3
Fighting       | |  1.6
Short Blades   | |  0.7
Maces & Flails | |  0.1
Throwing       | |  2.7
Translocations | |  0.1

Action                   |  1- 3 |  4- 6 || total
-------------------------+-------+-------++-------
Melee: Unarmed           |     2 |       ||     2
       Club              |    19 |       ||    19
       Dagger            |    28 |    27 ||    55
Throw: Large rock        |    24 |    12 ||    36
       Dart              |    15 |       ||    15
       Throwing net      |     2 |     1 ||     3
       Stone             |     1 |       ||     1
 Cast: Corona            |    22 |    12 ||    34
       Portal Projectile |       |     3 ||     3
 Stab: Held in net/web   |       |     1 ||     1
Armor: Robe              |    14 |     7 ||    21
Dodge: Dodged            |    19 |    12 ||    31
